 Dungeon Crawl Stone Soup version 0.32-a0-685-g93135e86f0 (webtiles) character file.

Game seed: 7749009579499562440

1029 pokeman the Thaumaturge (level 8, -6/38 (43) HPs)
             Began as a Deep Elf Hedge Wizard on Mar 13, 2024.
             Mangled by Jeremiah
             ... wielding a +4 trident of draining
              (9 damage)
             ... on level 5 of the Dungeon.
             The game lasted 00:10:53 (5930 turns).

pokeman the Thaumaturge (Deep Elf Hedge Wizard)     Turns: 5930, Time: 00:10:54

HP:   -6/38 (43)    AC:  5    Str:  7    XL:     8   Next: 3%
MP:   19/22         EV: 13    Int: 22    God:
Gold: 355           SH:  0    Dex: 14    Spells: 16/24 levels left

rFire   . . .        y - +3 quarterstaff (chaos)
rCold   . . .        (shield currently unavailable)
rNeg    . . .        b - +0 robe
rPois   .            v - +0 helmet
rElec   .            z - +1 cloak
rCorr   +            (no gloves)
SInv    .            (no boots)
Will    .....        (no amulet)
Stlth   +            m - ring of resist corrosion
HPRegen 0.26/turn    (no ring)
MPRegen 0.18/turn

%: no passive effects
@: confused, heavily drained
A: no striking features
a: no special abilities


You were on level 5 of the Dungeon.
You visited 2 branches of the dungeon, and saw 7 of its levels.

You collected 355 gold pieces.

Inventory:

Hand Weapons
 y - a +3 quarterstaff of chaos (weapon)
Armour
 b - a +0 robe (worn)
 u - a +0 buckler
 v - a +0 helmet (worn)
 z - a +1 cloak (worn)
Jewellery
 m - a ring of resist corrosion (left hand)
 n - a ring of fire
Wands
 s - a wand of flame (36)
Scrolls
 a - a scroll of brand weapon {unknown}
 h - 2 scrolls of enchant armour {unknown}
 o - a scroll of enchant weapon {unknown}
 p - 3 scrolls of blinking {unknown}
 q - 5 scrolls of identify {unknown}
 r - 2 scrolls of fear {unknown}
 w - a scroll of amnesia {unknown}
 x - a scroll of teleportation {unknown}
Potions
 c - a potion of heal wounds {unknown}
 d - a potion of magic
 e - 3 potions of might {unknown}
 f - 2 potions of brilliance {unknown}
 g - a potion of curing {unknown}
 j - a potion of degeneration {unknown}
 k - a potion of attraction {unknown}
 l - 2 potions of haste {unknown}
 t - 2 potions of berserk rage {unknown}


   Skills:
 - Level 1.1 Fighting
 - Level 2.1 Armour
 - Level 3.0 Dodging
 - Level 3.0 Stealth
 + Level 1.8 Shields
 * Level 8.9 Spellcasting
 + Level 4.7 Conjurations
 - Level 2.0 Summonings
 - Level 2.0 Translocations
 - Level 1.0 Air Magic
 - Level 1.1 Alchemy
 - Level 1.1 Evocations


You had 16 spell levels left.
You knew the following spells:

 Your Spells              Type           Power      Damage    Failure   Level
a - Magic Dart            Conj           100%       1d8       1%          1
b - Mephitic Cloud        Conj/Alch/Air  19%        N/A       8%          3
c - Call Imp              Summ           36%        N/A       4%          2
d - Blink                 Tloc           36%        N/A       4%          2

Your spell library contained the following spells:

 Spells                   Type           Power      Damage    Failure   Level
 Lesser Beckoning         Tloc           36%        N/A       4%          2
 Slow                     Hex            36%        N/A       7%          1
 Cigotuvi's Dreadful Rot  Necr/Alch/Air  26%        N/A       8%          2
 Gell's Gravitas          Tloc           18%        N/A       9%          3
 Teleport Other           Tloc           18%        N/A       9%          3
 Sublimation of Blood     Necr           9%         N/A       11%         2
 Summon Hydra             Summ           9%         N/A       100%        7


Dungeon Overview and Level Annotations

Branches:
Dungeon (6/15)             Temple (1/1) D:4

Altars:
Ashenzari
Cheibriados
Dithmenos
Gozag
Kikubaaqudgha
Makhleb
Nemelex Xobeh
Okawaru
Qazlal
Ru
Sif Muna
Trog
Uskayaw
Wu Jian
Xom
The Shining One

Shops:
D:1 !

Annotations:
D:3 Books behind rock
D:5 Jeremiah
D:6 Sigmund


Message History

The butterfly disappears in a burst of colours! x2
There is a stone staircase leading down here.
Unknown command.
Casting: Magic Dart (safe; 1% risk of failure)
Confirm with . or Enter, or press ? or * to list all spells.
Aiming: Mephitic Cloud (dangerous; 8% risk of failure)
Press: ? - help, Shift-Dir - straight line, f - Jeremiah
Aim: Jeremiah, wielding a +4 trident of draining, wearing a +0 robe and wearing an orb of energy (chance to affect: 62%)
The ball explodes into a vile cloud!
The stinking cloud engulfs Jeremiah.
The stinking cloud engulfs you.
You are engulfed in noxious fumes.
You choke on the stench!
You are confused.
Jeremiah is engulfed in noxious fumes.
Jeremiah hits you with a +4 trident of draining!
You feel drained.
* * * LOW HITPOINT WARNING * * *
Unknown command.
You bump into the rock wall.
You are engulfed in noxious fumes.
You choke on the stench!
You are more confused.
The butterfly is engulfed in noxious fumes.
The butterfly appears confused.
The butterfly is engulfed in noxious fumes.
The butterfly appears confused.
Jeremiah is engulfed in noxious fumes.
Jeremiah hits you with a +4 trident of draining.
* * * LOW HITPOINT WARNING * * *
You feel drained.
* * * LOW HITPOINT WARNING * * *
You miss the butterfly.
You are engulfed in noxious fumes.
The butterfly is engulfed in noxious fumes.
The butterfly appears confused.
The butterfly is engulfed in noxious fumes.
The butterfly appears confused.
The butterfly is engulfed in noxious fumes.
The butterfly appears confused.
The butterfly is engulfed in noxious fumes.
The butterfly appears confused.
Jeremiah is engulfed in noxious fumes.
Jeremiah hits you with a +4 trident of draining!
You die...
Jeremiah asks, "What happened?
Did... did you die?"

...##......# .#######.### ....#
#.# .##.####.## .##...>...#
.##..####.## ###..# #..##
###..####...##########
......#......)..@bbb.######
........###.###.#Fb.......######
.####.#.# #.# #.#b##.####......#
..# #...###+###..b##.# ######.#
..# ###...'_'...####.# ##.# ..#
#.#######......# #..# ..#####.#
### #.###### #.##
........#######.######## #.#
...####.........##.....# #.#


You could see Jeremiah.

Vanquished Creatures
  A water moccasin (D:5)
  A black bear (D:4)
  2 ogres
  A phantom (D:4)
  3 bombardier beetles (D:4)
  An orc priest (D:3)
  3 hounds
  An iguana (D:5)
  Crazy Yiuf (D:5)
  2 orc wizards (D:5)
  Robin (D:4)
  5 gnolls
  8 adders
  2 ufetubi (D:5)
  A ribbon worm (D:2)
  2 dart slugs (D:4)
  16 orcs
  9 ball pythons
  4 endoplasms
  A giant cockroach (D:3)
  20 goblins
  9 hobgoblins
  8 kobolds
  7 quokkas
  7 bats
  2 frilled lizards
  4 rats
122 creatures vanquished.

Notes
Turn   | Place    | Note
-------+----------+-------------------------------------------
     0 | D:1      | pokeman the Deep Elf Hedge Wizard began the quest for the
                  | Orb.
     0 | D:1      | Reached XP level 1. HP: 10/10 MP: 7/7
   306 | D:1      | Found Solaw's Distillery.
   430 | D:1      | Reached XP level 2. HP: 15/15 MP: 2/9
   834 | D:1      | Reached XP level 3. HP: 18/19 MP: 1/11
   838 | D:1      | Learned a level 3 spell: Mephitic Cloud
   841 | D:1      | Learned a level 2 spell: Call Imp
   844 | D:1      | Learned a level 2 spell: Blink
  2667 | D:2      | Reached XP level 4. HP: 24/24 MP: 6/12
  2969 | D:3      | Reached skill level 5 in Spellcasting
  2969 | D:3      | Reached skill level 1 in Air Magic
  2969 | D:3      | Reached skill level 1 in Alchemy
  3110 | D:3      | Reached skill level 1 in Fighting
  3110 | D:3      | Reached XP level 5. HP: 27/29 MP: 5/14
  3216 | D:3      | Found a shimmering blue altar of Sif Muna.
  3638 | D:3      | Found a faded altar of an unknown god.
  3676 | D:3      | Found a burning altar of Makhleb.
  3684 | D:3      | Found a broken altar of Ashenzari.
  3688 | D:3      | Found a shimmering altar of Xom.
  3787 | D:4      | Reached skill level 1 in Armour
  3875 | D:4      | Reached skill level 6 in Spellcasting
  3875 | D:4      | Reached XP level 6. HP: 34/34 MP: 14/17
  3896 | D:4      | Reached skill level 1 in Evocations
  4066 | D:4      | Noticed Robin
  4083 | D:4      | Killed Robin
  4192 | D:4      | Found a shadowy altar of Dithmenos.
  4332 | D:4      | Reached skill level 7 in Spellcasting
  4355 | D:4      | Reached XP level 7. HP: 38/38 MP: 8/19
  4532 | D:4      | Found a staircase to the Ecumenical Temple.
  4540 | Temple   | Entered the Ecumenical Temple
  4865 | D:5      | Entered Level 5 of the Dungeon
  4984 | D:5      | Reached skill level 1 in Shields
  4984 | D:5      | Reached skill level 8 in Spellcasting
  5432 | D:5      | Found a hide-covered altar of Uskayaw.
  5517 | D:5      | Found a runed translucent door.
  5518 | D:5      | Noticed Crazy Yiuf
  5641 | D:5      | Reached XP level 8. HP: 43/43 MP: 18/22
  5752 | D:5      | Found an ornate altar of the Wu Jian Council.
  5822 | D:5      | Killed Crazy Yiuf
  5925 | D:6      | Noticed Jeremiah
  5926 | D:6      | Noticed Sigmund
  5930 | D:5      | Mangled by Jeremiah

Illustrated notes

Levels and vault maps discovered:
D:1:      dpeg_arrival_erosion, layout_basic, serial_shops, shop, minivault_19
D:2:      layout_basic, minmay_pentomino_q4
D:3:      layout_rooms, minitemple, nicolae_sif_muna_little_library,
          serial_glass, glass_columns_a, glass_columns_a, glass_columns_b,
          glass_columns_a, glass_columns_b,
          hellmonk_ecumenical_altar_prayer_group
D:4:      layout_basic, kennysheep_mini, temple_fountains, minmay_surrounded,
          uniq_robin
D:5:      layout_loops_cross, kennysheep_mini_moat, lemuel_doored_altar,
          uniq_crazy_yiuf_cottage
D:6:      layout_cave_pools, lemuel_mausoleum_altar_yredelemnul,
          guppyfry_shop_venom, uniq_sigmund, uniq_jeremiah, uniq_menkaure
Temple:   chequers_temple_sunken

Skill      XL: |  1  2  3  4  5  6  7 |
---------------+----------------------+-----
Dodging        | 3 |  3.0
Stealth        | 3 |  3.0
Summonings     | 2 |  2.0
Translocations | 2 |  2.0
Conjurations   | 2 3 4 |  4.7
Spellcasting   | 5 6 7 8 |  8.9
Air Magic      | 1 |  1.0
Alchemy        | 1 |  1.1
Fighting       | 1 |  1.1
Armour         | 1 2 |  2.1
Evocations     | 1 |  1.1
Shields        | 1 |  1.8

Action                     |  1- 3 |  4- 6 |  7- 9 || total
---------------------------+-------+-------+-------++-------
  Melee: Trident           |     2 |    76 |    70 ||   148
         Quarterstaff      |       |       |     3 ||     3
   Cast: Magic Dart        |   113 |   104 |    64 ||   281
         Mephitic Cloud    |     1 |     9 |     6 ||    16
         Blink             |       |     1 |       ||     1
   Stab: Confused          |       |    11 |     3 ||    14
 Armour: Robe              |     6 |    51 |    45 ||   102
  Dodge: Dodged            |    13 |    57 |    51 ||   121

Table legend: (Time is in decaauts)
 A = Elapsed time spent in this place.
 B = Non-inter-level travel time spent in this place.
 C = Inter-level travel time spent in this place.
 D = Time resting spent in this place.
 E = Time spent auto-exploring this place.
 F = Levels seen in this place.
 G = Mean time per level.
                   A        B        C        D        E       F      G
               +--------+--------+--------+--------+--------+-----+--------+
         Total |   5971 |   5850 |    121 |    142 |   4912 |   7 |  853.0 |
       Dungeon |   5970 |   5849 |    121 |    142 |   4912 |   6 |  995.0 |
        Temple |      1 |      1 |      0 |      0 |      0 |   1 |    1.0 |
               +--------+--------+--------+--------+--------+-----+--------+

Top non-repeatable levels by time:
     D:2: 1497 daAuts
     D:1: 1382 daAuts
     D:4: 1117 daAuts
     D:5: 1083 daAuts
     D:3: 887 daAuts
  Temple: 1 daAuts
     D:6: 1 daAuts
